 Dungeon Crawl Stone Soup version 0.26-b1-32-g5d43845318 (webtiles) character file.

Game seed: 8772910919615643929

1112 Borgoz the Cudgeller (level 8, -4/48 HPs)
             Began as a Gargoyle Gladiator on Jan 11, 2021.
             Killed by divine providence
             ... invoked by an orc priest
              (15 damage)
             ... on level 5 of the Dungeon.
             The game lasted 00:06:25 (5550 turns).

Borgoz the Cudgeller (Gargoyle Gladiator)           Turns: 5550, Time: 00:06:26

Health: -4/48      AC: 12    Str: 18    XL:     8   Next: 33%
Magic:  8/8        EV: 13    Int:  9    God:
Gold:   212        SH:  0    Dex: 13    Spells: 7/7 levels left

rFire    . . .     SeeInvis .   a - +0 flail
rCold    . . .     Faith    .   (no shield)
rNeg     + . .     Spirit   .   i - +0 ring mail
rPois    ∞         Reflect  .   c - +0 helmet
rElec    +         Harm     .   (no cloak)
rCorr    .         Rampage  .   (no gloves)
Will     .....                  (no boots)
Stlth    +.........             (no amulet)
HPRegen  0.16/turn              (no ring)
MPRegen  0.11/turn              (no ring)

@: marked
A: negative energy resistance 1, electricity resistance, unbreathing,
petrification resistance, miasma immunity, AC +5
a: no special abilities


You were on level 5 of the Dungeon.
You visited 1 branch of the dungeon, and saw 5 of its levels.
You also visited: Ossuary.

You collected 212 gold pieces.

Inventory:

Hand Weapons
 a - a +0 flail (weapon)
 j - a +1 mace of holy wrath
Missiles
 d - 3 throwing nets (quivered)
Armour
 c - a +0 helmet (worn)
 i - a +0 ring mail (worn)
Jewellery
 n - an uncursed ring of ice {unknown}
 r - a cursed -4 ring of evasion {unknown}
Wands
 v - a wand of paralysis (7)
Scrolls
 b - 4 scrolls of remove curse
 f - 4 scrolls of teleportation
 k - 2 scrolls of enchant armour
 l - 3 scrolls of enchant weapon
 m - a scroll of magic mapping
 o - 2 scrolls of identify
 p - 2 scrolls of immolation {unknown}
 t - a scroll of fear {unknown}
Potions
 g - a potion of heal wounds
 h - a potion of flight
 q - a potion of cancellation {unknown}
 s - a potion of degeneration {unknown}
 u - a potion of magic {unknown}
 w - a potion of brilliance {unknown}


   Skills:
 + Level 4.6 Fighting
 * Level 6.3 Maces & Flails
 - Level 1.7 Throwing
 + Level 4.0 Armour
 * Level 5.2 Dodging


You had 7 spell levels left.
You didn't know any spells.
Your spell library contained the following spells:

 Spells                   Type           Power        Failure   Level
 Animate Skeleton         Necr           0%           56%         1
 Apportation              Tloc           0%           56%         1
 Beastly Appendage        Tmut           0%           56%         1
 Corona                   Hex            0%           56%         1
 Summon Small Mammal      Summ           0%           56%         1
 Wereblood                Tmut           0%           71%         2
 Gell's Gravitas          Tloc           0%           91%         3
 Portal Projectile        Hex/Tloc       0%           91%         3
 Spider Form              Tmut/Pois      0%           91%         3
 Ice Form                 Ice/Tmut       0%           100%        4
 Blade Hands              Tmut           0%           100%        5
 Dispersal                Tloc           0%           100%        6
 Disjunction              Tloc           0%           100%        8


Dungeon Overview and Level Annotations

Branches:
Dungeon (5/15)            Ossuary (visited)
 Temple: D:4-7

Altars:
Cheibriados
Hepliaklqana
Makhleb
Qazlal
Vehumet
Yredelemnul
The Shining One

Shops:
D:4 [=[[


Innate Abilities, Weirdness & Mutations

You are resistant to torment.
Your stone body is resilient. (AC +5)
You are immune to poison.
You resist negative energy. (rN+)
You are resistant to electric shocks. (rElec)
You can survive without breathing.
You are immune to petrification.
You are immune to miasma.


Message History

The hound closely misses you.
You closely miss the hound.
The hound is heavily wounded.
The hound barely misses you. The orc hits you but does no damage. x2
The hound barely misses you.
You hit the hound.
The hound is severely wounded.
The orc priest invokes the aid of Beogh against you.
Beogh smites you!
The hound pauses to sniff the ground.
The hound closely misses you. The orc closely misses you. x2
The orc priest mumbles some strange prayers to Beogh against you.
Beogh smites you!
* * * LOW HITPOINT WARNING * * *
You barely miss the orc. The hound misses you.
The orc hits you but does no damage. x2
The hound bites you but does no damage.
The orc priest invokes the aid of Beogh against you.
Beogh smites you!
You die...

#.....# #.....#
#.....# #.....#
#.....# #####.# #.#
#.######
######5o@o..#
#.....oh###.#
#.###.lo).o.#
#.....J..##B#.#
##.##........... #..
#....###....
.####..##).......>##
..........)..###..#
#########.#### #


You could see an iguana, a hound, an orc priest, an ooze, 3 orcs and an
ufetubus.

Vanquished Creatures
  An ogre (D:4)
  7 scorpions (Ossuary)
  3 howler monkeys
  A hound (D:4)
  A centaur zombie (Ossuary)
  A centaur skeleton (D:4)
  4 human zombies (Ossuary)
  An orc priest (D:5)
  An orc wizard (D:4)
  An iguana (D:4)
  A worker ant (D:5)
  2 big kobold zombies (Ossuary)
  3 mummies (Ossuary)
  4 scorpion zombies (Ossuary)
  10 adders
  A shadow imp (D:5)
  A white imp (D:5)
  5 worms
  4 leopard geckos
  10 orcs
  3 giant cockroaches
  5 goblins
  8 hobgoblins
  2 quokkas
  8 bats
  4 frilled lizards
  A gnoll zombie (Ossuary)
  A goblin zombie (Ossuary)
  2 hobgoblin zombies (Ossuary)
  8 kobolds
  An orc zombie (Ossuary)
  11 rats
116 creatures vanquished.

Vanquished Creatures (others)
  A scorpion (Ossuary)
1 creature vanquished.

Grand Total: 117 creatures vanquished

Notes
Turn   | Place    | Note
-------+----------+-------------------------------------------
     0 | D:1      | Borgoz the Gargoyle Gladiator began the quest for the Orb.
     0 | D:1      | Reached XP level 1. HP: 12/12 MP: 1/1
   206 | D:1      | Reached XP level 2. HP: 14/17 MP: 2/2
   847 | D:2      | Reached skill level 1 in Armour
   937 | D:2      | Reached XP level 3. HP: 22/22 MP: 3/3
  1154 | D:2      | Reached XP level 4. HP: 27/27 MP: 4/4
  2141 | D:3      | Reached skill level 4 in Maces & Flails
  2250 | D:3      | Reached XP level 5. HP: 32/32 MP: 5/5
  2812 | D:4      | Found Esucugag's Antique Armour Shoppe.
  2935 | D:4      | Found a sand-covered staircase.
  2939 | Ossuary  | Entered an ossuary
  3034 | Ossuary  | Reached XP level 6. HP: 24/37 MP: 6/6
  3264 | Ossuary  | Reached skill level 5 in Maces & Flails
  3276 | Ossuary  | Reached XP level 7. HP: 35/42 MP: 7/7
  4291 | D:4      | Found Keeppisk's Armour Boutique.
  4480 | D:4      | Found Tetreesit's Jewellery Shoppe.
  4489 | D:4      | Reached skill level 6 in Maces & Flails
  4489 | D:4      | Reached XP level 8. HP: 25/48 MP: 8/8
  4682 | D:4      | Reached skill level 5 in Dodging
  4692 | D:4      | Found a hazy altar of Hepliaklqana.
  4699 | D:4      | Found a stormy altar of Qazlal.
  4704 | D:4      | Found a basalt altar of Yredelemnul.
  4711 | D:4      | Found a snail-covered altar of Cheibriados.
  4716 | D:4      | Found a burning altar of Makhleb.
  4727 | D:4      | Found a radiant altar of Vehumet.
  4734 | D:4      | Found a glowing golden altar of the Shining One.
  4949 | D:4      | Found Ysol's Antique Armour Emporium.
  5296 | D:5      | Entered Level 5 of the Dungeon
  5550 | D:5      | Killed from afar by an orc priest

Illustrated notes

Levels and vault maps discovered:
D:1:      minmay_arrival_four_loops, layout_loops_ring
D:2:      layout_basic, serial_rivers, chequers_serial_rivers_micro_e,
          chequers_serial_rivers_large_a, chequers_serial_rivers_micro_b,
          chequers_serial_rivers_room_a, minivault_27
D:3:      layout_loops_ring
D:4:      layout_loops_ring, grunt_temple_overflow_octagram, enter_ossuary_5,
          serial_shops, nicolae_shop_statue_plus, kennysheep_mini_moat, shop,
          nicolae_shop_stone, hangedman_abyss_or_decor_jellyfish_corner,
          grunt_decor_clamped, dk_noncrumbling_3
D:5:      layout_loops_cross, nicolae_overflow_hidden_temple,
          lightli_temple_of_fire, gammafunk_ghost_grave

Skill      XL: |  1  2  3  4  5  6  7  8 |
---------------+-------------------------+-----
Armour         | 1 2 3 4 |  4.0
Dodging        | 3 4 5 |  5.2
Maces & Flails | 4 5 6 |  6.3
Fighting       | 3 4 |  4.6
Throwing       | |  1.7

Action                   |  1- 3 |  4- 6 |  7- 9 || total
-------------------------+-------+-------+-------++-------
Melee: Flail             |    79 |    55 |   141 ||   275
       Mace              |       |   173 |   107 ||   280
Throw: Throwing net      |       |     3 |     4 ||     7
  Use: Scroll            |       |     8 |     2 ||    10
       Potion            |       |     1 |     3 ||     4
Armor: Leather armour    |    29 |       |       ||    29
       Ring mail         |    15 |    94 |   154 ||   263
Dodge: Dodged            |    55 |   140 |   232 ||   427
